Griffins vs Devils

Created - Thursday, January 01, 2015 at 03:34

Goals
1 2 3 OT1 T
Griffins 0 0 1 1 2
Devils 0 1 0 0 1
Shots
1 2 3 OT1 T
Griffins 4 3 14 5 26
Devils 8 5 12 0 25

1st period

No Goal

Penalties :
Kellan Lain (GRG) for Roughing (Minor) at 2:18, Darroll Powe (LOW) for Fighting (Major) at 6:32, Mike Angelidis (GRG) for Fighting (Major) at 6:32, Paul Thompson (GRG) for Interference (Minor) at 9:46, Farm Player15 (GRG) for Diving (Minor) at 18:11

2nd period

1. Devils , Darren Archibald 9 (Tom Kuhnhackl) at 4:53

Penalties :
Zach Budish (LOW) for Fighting (Major) at 1:21, Matt Marquardt (GRG) for Fighting (Major) at 1:21, Zach Budish (LOW) for instigated a fight (Minor) at 1:21, Zach Budish (LOW) for instigated a fight (10 Minutes Misconduct) at 1:21, Darroll Powe (LOW) for Fighting (Major) at 6:27, Mitchell Heard (GRG) for Fighting (Major) at 6:27, Braden Lamb (LOW) for Fighting (Major) at 12:25, Mike Angelidis (GRG) for Fighting (Major) at 12:25, Derek Meech (GRG) for Roughing (Minor) at 14:06, Farm Player40 (GRG) for Tripping (Minor) at 18:02

3rd period

2. Griffins , Mark Mancari 8 (John Albert, Ben Eager) at 9:31

Penalties :
Kellan Lain (GRG) for Tripping (Minor) at 3:25, Braden Lamb (LOW) for Fighting (Major) at 7:24, Mitchell Heard (GRG) for Fighting (Major) at 7:24, Darroll Powe (LOW) for Fighting (Major / Game Misconduct) at 9:07, Kellan Lain (GRG) for Fighting (Major) at 9:07

Overtime #1

3. Griffins , Ben Eager 4 (John Albert, Adam Clendening) at 0:44

Penalties :
No Penalty

Goalie Stats

Jeff Deslauriers (GRG), 24 saves from 25 shots - (0.960), W, 20-7-3, 60:44 minutes
Robert Mayer (LOW), 24 saves from 26 shots - (0.923), OTL, 5-8-5, 60:44 minutes

Players Stats for Griffins

Player Name              G  A  P  +/- PIM S  H  SB GA TA FO     MP     PP MP  PK MP  
------------------------------------------------------------------------------------
Adam Clendening          0  1  1   1  0   6  3  3  1  1  0/0    27:13   0:54   7:20 
Ben Eager                1  1  2   2  0   3  2  0  5  0  1/1    21:00   1:21   7:26 
Corey Trivino            0  0  0   0  0   0  0  0  0  0  1/1     0:43   0:00   0:00 
Derek Meech              0  0  0   1  2   0  0  3  0  3  0/0    26:21   0:54   6:27 
Farm Player15            0  0  0  -1  2   0  0  0  0  0  0/1    15:48   0:00   0:36 
Farm Player40            0  0  0  -1  2   0  1  3  0  0  0/0    15:11   0:00   1:52 
John Albert              0  2  2   1  0   3  2  1  4  0  8/20   23:36   1:21   5:59 
John McFarland           0  0  0   0  0   1  2  1  1  2  0/0    15:56   0:38   0:00 
Jordan Owens             0  0  0  -1  0   0  2  0  0  0  0/0     6:50   0:00   0:00 
Kellan Lain              0  0  0   0  9   0  1  0  4  1  1/1    16:07   0:00   2:38 
Mark Mancari             1  0  1   1  0   6  0  1  0  0  1/1    13:11   1:21   3:05 
Matt Marquardt           0  0  0   0  5   1  0  0  1  0  6/9    13:53   0:00   0:00 
Mike Angelidis           0  0  0   0  10  0  0  0  0  0  0/1    13:05   0:38   0:03 
Mike Keenan              0  0  0   1  0   2  1  1  0  1  0/0    21:26   1:05   4:34 
Mitchell Heard           0  0  0  -1  10  0  1  0  2  0  1/1     4:45   0:00   0:00 
Paul Thompson            0  0  0   0  2   2  1  1  3  0  0/1    13:59   0:00   0:00 
Tyler Eckford            0  0  0   1  0   1  2  1  0  1  0/0    21:26   1:05   4:34 
Tyler Pitlick            0  0  0   0  0   1  0  0  3  1  3/9    20:23   0:38   3:05 

Players Stats for Devils

Player Name              G  A  P  +/- PIM S  H  SB GA TA FO     MP     PP MP  PK MP  
------------------------------------------------------------------------------------
Braden Lamb              0  0  0   0  10  1  0  0  0  2  0/0    18:28   4:16   1:02 
Brendan Shinnimin        0  0  0  -1  0   0  3  1  2  0  4/11   21:12   5:36   0:23 
Chris Wideman            0  0  0  -1  0   0  3  2  0  1  0/0    25:52   7:17   0:57 
Colin Miller             0  0  0  -1  0   1  0  4  0  2  0/0    25:52   7:17   0:57 
Curtis Hamilton          0  0  0   0  0   0  0  0  0  0  0/0     3:34   0:47   0:04 
Darren Archibald         1  0  1   1  0   5  3  1  5  0  0/1    14:32   1:10   0:00 
Darroll Powe             0  0  0   0  25  6  1  0  4  2  9/16   18:01   4:58   1:32 
Drew MacKenzie           0  0  0   0  0   0  0  1  0  2  0/0    12:24   0:00   0:00 
Gabriel Beaupre          0  0  0   0  0   2  3  0  0  1  0/0    16:00   0:21   0:00 
Jared Staal              0  0  0   0  0   0  2  0  0  0  1/2    14:41   0:00   0:04 
Jordan Martinook         0  0  0  -1  0   1  2  0  0  1  3/4    19:11   2:36   0:00 
Pascal Pelletier         0  0  0  -1  0   2  1  2  1  0  2/5    23:09   4:32   0:23 
Rod Pelley               0  0  0   0  0   2  3  0  2  0  3/4    24:23   5:28   1:32 
Scooter Vaughan          0  0  0   0  0   0  0  3  0  1  0/0    22:50   4:37   1:02 
Tom Kuhnhackl            0  1  1   1  0   1  1  0  0  0  0/0     8:37   0:00   0:00 
Yanni Gourde             0  0  0   0  0   1  0  0  0  0  0/0     0:22   0:00   0:00 
Zach Budish              0  0  0  -1  17  2  2  0  2  1  2/3    13:15   4:17   0:00 
Zach O'Brien             0  0  0   0  0   1  1  0  1  0  0/0    18:28   6:18   0:00 

3 Stars

1 - Ben Eager (GRG)
2 - Jeff Deslauriers (GRG)
3 - Darren Archibald (LOW)

Power Play

Griffins - 0 on 1 Attempt(s) - 0.00%
Devils - 0 on 6 Attempt(s) - 0.00%

Penalty Kill

Griffins - 6 on 6 Attempt(s) - 100.00% - Score 0 goal in Penalty Kill
Devils - 1 on 1 Attempt(s) - 100.00% - Score 0 goal in Penalty Kill

Team Stat

Griffins - Hits : 18 - Faceoff Wins : 22 - Blocked Shots : 15 - Penalty Minutes : 42
Devils - Hits : 25 - Faceoff Wins : 24 - Blocked Shots : 14 - Penalty Minutes : 52

Official

Referees : Unknown
Linesman : Unknown

Game Notes

Darroll Powe beats up Mike Angelidis at 6:32 of 1st period
Zach Budish beats up Matt Marquardt at 1:21 of 2nd period
Darroll Powe and Mitchell Heard fight to a draw at 6:27 of 2nd period
Braden Lamb beats up Mike Angelidis at 12:25 of 2nd period
Mitchell Heard beats up Braden Lamb at 7:24 of 3rd period
Darroll Powe and Kellan Lain fight to a draw at 9:07 of 3rd period
Darroll Powe ejected from game at 9:07 of 3rd period

Finance

Level 1 -- Attendance: 1463 (73.15%) -- Ticket Income $51,205
Level 2 -- Attendance: 695 (69.50%) -- Ticket Income $10,425
Total Attendance: 2158 (71.93%)
Total Ticket Income: $61,630
Other Income: $30,199
Total Income: $91,829

Griffins

5 vs 5 Forward 
   Center                   Left Wing                Right Wing               Time % Phy DF OF 
 1 John Albert              Ben Eager                Mark Mancari             35     1   2  2  
 2 Tyler Pitlick            Mike Angelidis           John McFarland           30     1   2  2  
 3 Matt Marquardt           Kellan Lain              Paul Thompson            22     1   2  2  
 4 Mitchell Heard           Jordan Owens             John Albert              13     1   2  2  

5 vs 5 Defense 
   Defense                  Defense                                           Time % Phy DF OF 
 1 Adam Clendening          Derek Meech                                       35     1   2  2  
 2 Tyler Eckford            Mike Keenan                                       30     1   2  2  
 3 Farm Player15            Farm Player40                                     22     1   2  2  
 4 Adam Clendening          Derek Meech                                       13     1   2  2  

PowerPlay Forward 
   Center                   Left Wing                Right Wing               Time % Phy DF OF 
 1 John Albert              Ben Eager                Mark Mancari             60     1   2  2  
 2 Tyler Pitlick            Mike Angelidis           John McFarland           40     1   2  2  

PowerPlay Defense
   Defense                  Defense                                           Time % Phy DF OF 
 1 Adam Clendening          Derek Meech                                       60     1   2  2  
 2 Tyler Eckford            Mike Keenan                                       40     1   2  2  

Penalty Kill 4 Players Forward 
   Center                   Wing                     Time % Phy DF OF 
 1 John Albert              Ben Eager                60     1   2  2  
 2 Mark Mancari             Tyler Pitlick            40     1   2  2  

Penalty Kill 4 Players Defense
   Defense                  Defense                  Time % Phy DF OF 
 1 Adam Clendening          Derek Meech              60     1   2  2  
 2 Tyler Eckford            Mike Keenan              40     1   2  2  

Penalty Kill - 3 Players Forward 
   Forward                                           Time % Phy DF OF 
 1 John Albert                                       60     1   2  2  
 2 Ben Eager                                         40     1   2  2  

Penalty Kill - 3 Players Defense
   Defense                  Defense                  Time % Phy DF OF 
 1 Adam Clendening          Derek Meech              60     1   2  2  
 2 Tyler Eckford            Mike Keenan              40     1   2  2  

4 vs 4 Forward 
   Center                   Wing                     Time % Phy DF OF 
 1 John Albert              Ben Eager                60     1   2  2  
 2 Mark Mancari             Tyler Pitlick            40     1   2  2  

4 vs 4 Defense
   Defense                  Defense                  Time % Phy DF OF 
 1 Adam Clendening          Derek Meech              60     1   2  2  
 2 Tyler Eckford            Mike Keenan              40     1   2  2  

Last Minutes Offensive
   Center                   Left Wing                Right Wing               Defense                  Defense                  
   John Albert              Ben Eager                Mark Mancari             Adam Clendening          Derek Meech              

Last Minutes Defensive
   Center                   Left Wing                Right Wing               Defense                  Defense                  
   John Albert              Ben Eager                Mark Mancari             Adam Clendening          Derek Meech              

Goaltenders
Starting : Jeff Deslauriers         
Backup : Farm Player89            

Extra Forwards
Normal : Matt Marquardt, Paul Thompson, Kellan Lain - PP : Matt Marquardt, Paul Thompson - PK : Kellan Lain
Extra Defensemen
Normal : Farm Player15, Farm Player40, Tyler Eckford - PP : Farm Player15 - PK : Farm Player40, Tyler Eckford
Penalty Shots
John Albert, Ben Eager, Mark Mancari, Tyler Pitlick, John McFarland

Devils

5 vs 5 Forward 
   Center                   Left Wing                Right Wing               Time % Phy DF OF 
 1 Darroll Powe             Rod Pelley               Zach O'Brien             35     1   2  2  
 2 Brendan Shinnimin        Pascal Pelletier         Zach Budish              30     1   2  2  
 3 Darroll Powe             Jordan Martinook         Jared Staal              22     1   2  2  
 4 Rod Pelley               Darren Archibald         Tom Kuhnhackl            13     1   2  2  

5 vs 5 Defense 
   Defense                  Defense                                           Time % Phy DF OF 
 1 Colin Miller             Chris Wideman                                     35     1   2  2  
 2 Braden Lamb              Scooter Vaughan                                   30     1   2  2  
 3 Gabriel Beaupre          Drew MacKenzie                                    22     1   2  2  
 4 Colin Miller             Chris Wideman                                     13     1   2  2  

PowerPlay Forward 
   Center                   Left Wing                Right Wing               Time % Phy DF OF 
 1 Darroll Powe             Rod Pelley               Zach O'Brien             60     1   2  2  
 2 Brendan Shinnimin        Pascal Pelletier         Zach Budish              40     1   2  2  

PowerPlay Defense
   Defense                  Defense                                           Time % Phy DF OF 
 1 Colin Miller             Chris Wideman                                     60     1   2  2  
 2 Braden Lamb              Scooter Vaughan                                   40     1   2  2  

Penalty Kill 4 Players Forward 
   Center                   Wing                     Time % Phy DF OF 
 1 Darroll Powe             Rod Pelley               60     1   2  2  
 2 Brendan Shinnimin        Pascal Pelletier         40     1   2  2  

Penalty Kill 4 Players Defense
   Defense                  Defense                  Time % Phy DF OF 
 1 Colin Miller             Chris Wideman            60     1   2  2  
 2 Braden Lamb              Scooter Vaughan          40     1   2  2  

Penalty Kill - 3 Players Forward 
   Forward                                           Time % Phy DF OF 
 1 Darroll Powe                                      60     1   2  2  
 2 Rod Pelley                                        40     1   2  2  

Penalty Kill - 3 Players Defense
   Defense                  Defense                  Time % Phy DF OF 
 1 Colin Miller             Chris Wideman            60     1   2  2  
 2 Braden Lamb              Scooter Vaughan          40     1   2  2  

4 vs 4 Forward 
   Center                   Wing                     Time % Phy DF OF 
 1 Darroll Powe             Rod Pelley               60     1   2  2  
 2 Brendan Shinnimin        Pascal Pelletier         40     1   2  2  

4 vs 4 Defense
   Defense                  Defense                  Time % Phy DF OF 
 1 Colin Miller             Chris Wideman            60     1   2  2  
 2 Braden Lamb              Scooter Vaughan          40     1   2  2  

Last Minutes Offensive
   Center                   Left Wing                Right Wing               Defense                  Defense                  
   Darroll Powe             Rod Pelley               Zach O'Brien             Colin Miller             Chris Wideman            

Last Minutes Defensive
   Center                   Left Wing                Right Wing               Defense                  Defense                  
   Darroll Powe             Rod Pelley               Zach O'Brien             Colin Miller             Chris Wideman            

Goaltenders
Starting : Robert Mayer             
Backup : Devan Dubnyk             

Extra Forwards
Normal : Jordan Martinook, Darren Archibald, Jared Staal - PP : Jordan Martinook, Darren Archibald - PK : Jared Staal
Extra Defensemen
Normal : Gabriel Beaupre, Drew MacKenzie, Braden Lamb - PP : Gabriel Beaupre - PK : Drew MacKenzie, Braden Lamb
Penalty Shots
Darroll Powe, Rod Pelley, Brendan Shinnimin, Pascal Pelletier, Zach O'Brien

% Time on Ice - Griffins

Lines # - Real PCT - Wanted PCT - Time Play
Normal Forward
1 - 24% - 35% - 11:03
2 - 33% - 30% - 15:18
3 - 30% - 22% - 13:43
4 - 13% - 13% - 6:03
Normal Defense
1 - 34% - 35% - 15:44
2 - 34% - 30% - 15:47
3 - 27% - 22% - 12:34
4 - 4% - 13% - 2:02
PP Forward
1 - 68% - 60% - 1:21
2 - 32% - 40% - 0:38
PP Defense
1 - 45% - 60% - 0:54
2 - 55% - 40% - 1:05
PK Forward
1 - 74% - 60% - 8:49
2 - 26% - 40% - 3:05
PK Defense
1 - 62% - 60% - 7:20
2 - 38% - 40% - 4:34
PK3 Forward
1 - 0% - 60%
2 - 0% - 40%
PK3 Defense
1 - 0% - 60%
2 - 0% - 40%
44 Forward
1 - 100% - 60% - 0:44
2 - 0% - 40% - 0:00
44 Defense
1 - 100% - 60% - 0:44
2 - 0% - 40% - 0:00
Last Minute Offensive  - 0:00
Last Minute Defensive  - 0:00
Total
Forward - 60:44
Defense - 60:44

% Time on Ice - Devils

Lines # - Real PCT - Wanted PCT - Time Play
Normal Forward
1 - 28% - 35% - 12:54
2 - 29% - 30% - 13:09
3 - 27% - 22% - 12:35
4 - 16% - 13% - 7:29
Normal Defense
1 - 32% - 35% - 14:42
2 - 37% - 30% - 17:11
3 - 26% - 22% - 12:02
4 - 5% - 13% - 2:12
PP Forward
1 - 53% - 60% - 6:18
2 - 47% - 40% - 5:36
PP Defense
1 - 61% - 60% - 7:17
2 - 39% - 40% - 4:37
PK Forward
1 - 81% - 60% - 1:36
2 - 19% - 40% - 0:23
PK Defense
1 - 48% - 60% - 0:57
2 - 52% - 40% - 1:02
PK3 Forward
1 - 0% - 60%
2 - 0% - 40%
PK3 Defense
1 - 0% - 60%
2 - 0% - 40%
44 Forward
1 - 100% - 60% - 0:44
2 - 0% - 40% - 0:00
44 Defense
1 - 100% - 60% - 0:44
2 - 0% - 40% - 0:00
Last Minute Offensive  - 0:00
Last Minute Defensive  - 0:00
Total
Forward - 60:44
Defense - 60:44

Play by Play

1st period


0:01 of 1st period - John Albert wins face-off versus Darroll Powe in neutral zone.
0:03 of 1st period - Off-side.
0:04 of 1st period - Darroll Powe wins face-off versus John Albert in neutral zone.
0:06 of 1st period - Off-side.
0:07 of 1st period - John Albert wins face-off versus Darroll Powe in neutral zone.
0:10 of 1st period - Slapshot by Adam Clendening.
0:10 of 1st period - Stopped by Robert Mayer with a rebound.
0:16 of 1st period - Snap shot by Zach O'Brien.
0:16 of 1st period - Shot Misses the Net.
0:18 of 1st period - Snap shot by Darroll Powe.
0:18 of 1st period - Shot Blocked by Derek Meech.
0:20 of 1st period - Slapshot by Colin Miller.
0:20 of 1st period - Shot Blocked by Mark Mancari.
1:02 of 1st period - Adam Clendening is hit by Chris Wideman and loses puck.
1:13 of 1st period - Snap shot by Zach Budish.
1:13 of 1st period - Shot Blocked by Mike Keenan.
1:15 of 1st period - Snap shot by Brendan Shinnimin.
1:15 of 1st period - Shot Blocked by Tyler Eckford.
1:57 of 1st period - Wrist shot by Darroll Powe.
1:57 of 1st period - Deflect By Jordan Martinook.
1:57 of 1st period - Shot Misses the Net.
1:57 of 1st period - Puck is out of play.
1:58 of 1st period - Matt Marquardt wins face-off versus Rod Pelley in Griffins zone.
2:05 of 1st period - Snap shot by Darren Archibald.
2:05 of 1st period - Stopped by Jeff Deslauriers without a rebound.
2:06 of 1st period - Rod Pelley wins face-off versus Matt Marquardt in Griffins zone.
2:09 of 1st period - Wrist shot by Darren Archibald.
2:09 of 1st period - Shot Misses the Net.
2:18 of 1st period - Minor Penalty to Kellan Lain for Roughing.
2:19 of 1st period - Darroll Powe wins face-off versus John Albert in Griffins zone.
2:47 of 1st period - Wrist shot by Darroll Powe.
2:47 of 1st period - Shot Misses the Net.
2:49 of 1st period - Wrist shot by Darroll Powe.
2:49 of 1st period - Stopped by Jeff Deslauriers without a rebound.
2:50 of 1st period - John Albert wins face-off versus Brendan Shinnimin in Griffins zone.
3:07 of 1st period - Wrist shot by Pascal Pelletier.
3:07 of 1st period - Shot Misses the Net.
3:41 of 1st period - Darroll Powe is hit by Tyler Eckford and loses puck.
4:18 of 1st period - Penalty to Kellan Lain is over, Kellan Lain is back on ice.
5:38 of 1st period - Wrist shot by Gabriel Beaupre.
5:38 of 1st period - Stopped by Jeff Deslauriers with a rebound.
5:40 of 1st period - Wrist shot by Zach Budish.
5:40 of 1st period - Stopped by Jeff Deslauriers with a rebound.
5:42 of 1st period - Snap shot by Zach Budish.
5:42 of 1st period - Stopped by Jeff Deslauriers with a rebound.
5:52 of 1st period - Colin Miller is hit by Paul Thompson and loses puck.
6:15 of 1st period - Farm Player40 is hit by Darroll Powe.
6:32 of 1st period - Darroll Powe beats up Mike Angelidis.
6:32 of 1st period - Penalty to Darroll Powe for Fighting.
6:32 of 1st period - Penalty to Mike Angelidis for Fighting.
6:33 of 1st period - Zach Budish wins face-off versus Farm Player15 in Devils zone.
7:13 of 1st period - Mark Mancari is hit by Darren Archibald and loses puck.
7:20 of 1st period - Wrist shot by Darren Archibald.
7:20 of 1st period - Stopped by Jeff Deslauriers with a rebound.
8:45 of 1st period - Snap shot by Mitchell Heard.
8:45 of 1st period - Shot Misses the Net.
8:47 of 1st period - Slapshot by Tyler Eckford.
8:47 of 1st period - Shot Blocked by Pascal Pelletier.
8:49 of 1st period - Wrist shot by John Albert.
8:49 of 1st period - Stopped by Robert Mayer with a rebound.
9:27 of 1st period - Zach Budish is hit by John Albert and loses puck.
9:32 of 1st period - Slapshot by John Albert.
9:32 of 1st period - Shot Blocked by Scooter Vaughan.
9:34 of 1st period - Snap shot by Farm Player40.
9:34 of 1st period - Shot Blocked by Pascal Pelletier.
9:46 of 1st period - Minor Penalty to Paul Thompson for Interference.
9:47 of 1st period - Jordan Martinook wins face-off versus John Albert in Griffins zone.
10:51 of 1st period - Curtis Hamilton is hit by Kellan Lain and loses puck.
11:32 of 1st period - Penalty to Mike Angelidis is over, Mike Angelidis is back on ice.
11:46 of 1st period - Penalty to Paul Thompson is over, Paul Thompson is back on ice.
12:47 of 1st period - Wrist shot by Jordan Martinook.
12:47 of 1st period - Stopped by Jeff Deslauriers with a rebound.
12:49 of 1st period - Slapshot by Gabriel Beaupre.
12:49 of 1st period - Shot Blocked by John McFarland.
13:27 of 1st period - Wrist shot by Darren Archibald.
13:27 of 1st period - Shot Hit the Post.
13:53 of 1st period - Scooter Vaughan is hit by Mitchell Heard and loses puck.
14:10 of 1st period - Scooter Vaughan is hit by Jordan Owens and loses puck.
14:31 of 1st period - Wrist shot by Ben Eager.
14:31 of 1st period - Stopped by Robert Mayer without a rebound.
14:32 of 1st period - John Albert wins face-off versus Darroll Powe in Devils zone.
15:07 of 1st period - John Albert is hit by Darren Archibald and loses puck.
15:24 of 1st period - Mitchell Heard is hit by Rod Pelley and loses puck.
15:31 of 1st period - Slapshot by Rod Pelley.
15:31 of 1st period - Stopped by Jeff Deslauriers without a rebound.
15:32 of 1st period - Jared Staal wins face-off versus Tyler Pitlick in Griffins zone.
15:49 of 1st period - Wrist shot by Tyler Pitlick.
15:49 of 1st period - Shot Misses the Net.
15:51 of 1st period - Slapshot by Mike Keenan.
15:51 of 1st period - Deflect By Tyler Pitlick.
15:51 of 1st period - Stopped by Robert Mayer with a rebound.
16:01 of 1st period - Paul Thompson is hit by Jared Staal and loses puck.
18:11 of 1st period - Minor Penalty to Farm Player15 for Diving.
18:12 of 1st period - Kellan Lain wins face-off versus Brendan Shinnimin in Griffins zone.
18:21 of 1st period - Kellan Lain is hit by Jordan Martinook and loses puck.
18:44 of 1st period - Adam Clendening is hit by Chris Wideman.
18:48 of 1st period - Colin Miller is hit by Farm Player40 and loses puck.
19:07 of 1st period - Scooter Vaughan is hit by Ben Eager and loses puck.
Goals for this period are 0 for Griffins vs 0 for Devils.
Shots for this period are 4 for Griffins vs 8 for Devils.

2nd period


0:01 of 2nd period - John Albert wins face-off versus Darroll Powe in neutral zone.
0:11 of 2nd period - Penalty to Farm Player15 is over, Farm Player15 is back on ice.
0:28 of 2nd period - Wrist shot by Zach O'Brien.
0:28 of 2nd period - Stopped by Jeff Deslauriers with a rebound.
0:30 of 2nd period - Wrist shot by Darroll Powe.
0:30 of 2nd period - Deflect By Rod Pelley.
0:30 of 2nd period - Shot Misses the Net.
0:30 of 2nd period - Puck is out of play.
0:31 of 2nd period - Brendan Shinnimin wins face-off versus Tyler Pitlick in Griffins zone.
1:13 of 2nd period - Braden Lamb is hit by John McFarland and loses puck.
1:21 of 2nd period - Zach Budish beats up Matt Marquardt.
1:21 of 2nd period - Penalty to Zach Budish for Fighting.
1:21 of 2nd period - Penalty to Matt Marquardt for Fighting.
1:21 of 2nd period - Penalty to Zach Budish for instigated a fight.
1:21 of 2nd period - Penalty to Zach Budish for instigated a fight.
1:22 of 2nd period - Mark Mancari wins face-off versus Darroll Powe in neutral zone.
2:14 of 2nd period - Tyler Pitlick is hit by Rod Pelley and loses puck.
3:21 of 2nd period - Penalty to Zach Budish is over, Zach O'Brien is send on ice.
4:48 of 2nd period - Farm Player15 is hit by Tom Kuhnhackl and loses puck.
4:53 of 2nd period - Snap shot by Darren Archibald.
4:53 of 2nd period - Goal by Darren Archibald - Griffins : 0 - Devils : 1.
4:54 of 2nd period - Brendan Shinnimin wins face-off versus Tyler Pitlick in neutral zone.
4:56 of 2nd period - Off-side.
4:57 of 2nd period - Brendan Shinnimin wins face-off versus Tyler Pitlick in neutral zone.
5:11 of 2nd period - Off-side.
5:12 of 2nd period - Tyler Pitlick wins face-off versus Brendan Shinnimin in neutral zone.
6:05 of 2nd period - Colin Miller is hit by Ben Eager.
6:27 of 2nd period - Darroll Powe and Mitchell Heard fight to a draw.
6:27 of 2nd period - Penalty to Darroll Powe for Fighting.
6:27 of 2nd period - Penalty to Mitchell Heard for Fighting.
6:28 of 2nd period - Matt Marquardt wins face-off versus Brendan Shinnimin in Devils zone.
6:29 of 2nd period - Slapshot by Adam Clendening.
6:29 of 2nd period - Shot Misses the Net.
7:17 of 2nd period - Snap shot by Rod Pelley.
7:17 of 2nd period - Deflect By Darren Archibald.
7:17 of 2nd period - Deflect By Ben Eager.
7:17 of 2nd period - Shot Blocked by Derek Meech.
7:17 of 2nd period - Puck is out of play.
7:18 of 2nd period - John Albert wins face-off versus Darren Archibald in Griffins zone.
8:14 of 2nd period - Snap shot by Jordan Martinook.
8:14 of 2nd period - Shot Misses the Net.
8:28 of 2nd period - Slapshot by Pascal Pelletier.
8:28 of 2nd period - Stopped by Jeff Deslauriers with a rebound.
8:52 of 2nd period - Adam Clendening is hit by Jared Staal and loses puck.
8:59 of 2nd period - Slapshot by Rod Pelley.
8:59 of 2nd period - Deflect By Zach O'Brien.
8:59 of 2nd period - Shot Misses the Net.
8:59 of 2nd period - Puck is out of play.
9:00 of 2nd period - Matt Marquardt wins face-off versus Jared Staal in Griffins zone.
9:15 of 2nd period - Slapshot by Adam Clendening.
9:15 of 2nd period - Stopped by Robert Mayer without a rebound.
9:16 of 2nd period - Brendan Shinnimin wins face-off versus John Albert in Devils zone.
9:16 of 2nd period - Brendan Shinnimin is hit by John Albert.
9:44 of 2nd period - John Albert is hit by Jordan Martinook and loses puck.
10:03 of 2nd period - Kellan Lain is hit by Darren Archibald and loses puck.
10:20 of 2nd period - Slapshot by Jordan Martinook.
10:20 of 2nd period - Shot Misses the Net.
10:22 of 2nd period - Snap shot by Chris Wideman.
10:22 of 2nd period - Shot Blocked by Farm Player40.
10:24 of 2nd period - Wrist shot by Pascal Pelletier.
10:24 of 2nd period - Shot Blocked by Farm Player40.
10:26 of 2nd period - Slapshot by Chris Wideman.
10:26 of 2nd period - Shot Misses the Net.
10:30 of 2nd period - Snap shot by Pascal Pelletier.
10:30 of 2nd period - Shot Misses the Net.
11:35 of 2nd period - Slapshot by Rod Pelley.
11:35 of 2nd period - Shot Blocked by Derek Meech.
11:51 of 2nd period - Snap shot by Darroll Powe.
11:51 of 2nd period - Shot Misses the Net.
11:59 of 2nd period - Wrist shot by Darroll Powe.
11:59 of 2nd period - Deflect By Ben Eager.
11:59 of 2nd period - Stopped by Jeff Deslauriers without a rebound.
12:00 of 2nd period - Darroll Powe wins face-off versus John Albert in Griffins zone.
12:25 of 2nd period - Braden Lamb beats up Mike Angelidis.
12:25 of 2nd period - Penalty to Braden Lamb for Fighting.
12:25 of 2nd period - Penalty to Mike Angelidis for Fighting.
12:26 of 2nd period - Darroll Powe wins face-off versus Tyler Pitlick in Griffins zone.
12:35 of 2nd period - Snap shot by Darroll Powe.
12:35 of 2nd period - Shot Blocked by Adam Clendening.
12:58 of 2nd period - Snap shot by Pascal Pelletier.
12:58 of 2nd period - Stopped by Jeff Deslauriers without a rebound.
12:59 of 2nd period - Ben Eager wins face-off versus Brendan Shinnimin in Griffins zone.
13:44 of 2nd period - Snap shot by Zach O'Brien.
13:44 of 2nd period - Deflect By Rod Pelley.
13:44 of 2nd period - Shot Misses the Net.
13:44 of 2nd period - Puck is out of play.
13:45 of 2nd period - Matt Marquardt wins face-off versus Darroll Powe in Griffins zone.
13:59 of 2nd period - Off-side.
14:00 of 2nd period - Darroll Powe wins face-off versus Tyler Pitlick in neutral zone.
14:06 of 2nd period - Minor Penalty to Derek Meech for Roughing.
14:07 of 2nd period - Darroll Powe wins face-off versus John Albert in Griffins zone.
14:34 of 2nd period - Wrist shot by Darroll Powe.
14:34 of 2nd period - Shot Blocked by Farm Player40.
14:36 of 2nd period - Snap shot by Zach O'Brien.
14:36 of 2nd period - Shot Misses the Net.
14:38 of 2nd period - Slapshot by Colin Miller.
14:38 of 2nd period - Shot Blocked by Adam Clendening.
14:40 of 2nd period - Snap shot by Darroll Powe.
14:40 of 2nd period - Shot Blocked by John Albert.
14:58 of 2nd period - Adam Clendening is hit by Brendan Shinnimin and loses puck.
15:15 of 2nd period - Tyler Eckford is hit by Chris Wideman.
15:33 of 2nd period - Wrist shot by Mark Mancari.
15:33 of 2nd period - Stopped by Robert Mayer with a rebound.
15:35 of 2nd period - Slapshot by Tyler Eckford.
15:35 of 2nd period - Shot Blocked by Chris Wideman.
16:06 of 2nd period - Penalty to Derek Meech is over, Derek Meech is back on ice.
16:13 of 2nd period - Rod Pelley is hit by Tyler Eckford.
16:21 of 2nd period - 10 Minutes Misconduct Penalty to Zach Budish is over.
16:43 of 2nd period - Paul Thompson is hit by Gabriel Beaupre and loses puck.
17:06 of 2nd period - Snap shot by Paul Thompson.
17:06 of 2nd period - Shot Blocked by Scooter Vaughan.
18:02 of 2nd period - Minor Penalty to Farm Player40 for Tripping.
18:03 of 2nd period - Zach Budish wins face-off versus John Albert in Griffins zone.
18:26 of 2nd period - Slapshot by Ben Eager.
18:26 of 2nd period - Shot Blocked by Colin Miller.
18:32 of 2nd period - Slapshot by Adam Clendening.
18:32 of 2nd period - Stopped by Robert Mayer with a rebound.
18:34 of 2nd period - Slapshot by Adam Clendening.
18:34 of 2nd period - Shot Misses the Net.
18:58 of 2nd period - John Albert is hit by Rod Pelley and loses puck.
Goals for this period are 0 for Griffins vs 1 for Devils.
Shots for this period are 3 for Griffins vs 5 for Devils.

3rd period


0:01 of 3rd period - Darroll Powe wins face-off versus John Albert in neutral zone.
0:02 of 3rd period - Penalty to Farm Player40 is over, Farm Player40 is back on ice.
0:36 of 3rd period - Wrist shot by Darroll Powe.
0:36 of 3rd period - Shot Blocked by Adam Clendening.
0:54 of 3rd period - John McFarland is hit by Zach Budish and loses puck.
1:15 of 3rd period - Scooter Vaughan is hit by John McFarland and loses puck.
2:10 of 3rd period - Snap shot by Darren Archibald.
2:10 of 3rd period - Shot Misses the Net.
3:19 of 3rd period - Slapshot by Darroll Powe.
3:19 of 3rd period - Shot Misses the Net.
3:25 of 3rd period - Minor Penalty to Kellan Lain for Tripping.
3:26 of 3rd period - Darroll Powe wins face-off versus John Albert in Griffins zone.
3:37 of 3rd period - Slapshot by Darroll Powe.
3:37 of 3rd period - Stopped by Jeff Deslauriers with a rebound.
3:39 of 3rd period - Wrist shot by Darroll Powe.
3:39 of 3rd period - Stopped by Jeff Deslauriers with a rebound.
3:41 of 3rd period - Slapshot by Colin Miller.
3:41 of 3rd period - Stopped by Jeff Deslauriers with a rebound.
3:43 of 3rd period - Wrist shot by Rod Pelley.
3:43 of 3rd period - Stopped by Jeff Deslauriers without a rebound.
3:44 of 3rd period - Rod Pelley wins face-off versus John Albert in Griffins zone.
4:43 of 3rd period - Zach O'Brien is hit by Adam Clendening and loses puck.
5:08 of 3rd period - Adam Clendening is hit by Brendan Shinnimin and loses puck.
5:25 of 3rd period - Penalty to Kellan Lain is over, Kellan Lain is back on ice.
5:58 of 3rd period - Off-side.
5:59 of 3rd period - Darroll Powe wins face-off versus Paul Thompson in neutral zone.
6:06 of 3rd period - Snap shot by Darroll Powe.
6:06 of 3rd period - Shot Misses the Net.
6:08 of 3rd period - Snap shot by Gabriel Beaupre.
6:08 of 3rd period - Stopped by Jeff Deslauriers with a rebound.
6:18 of 3rd period - Wrist shot by Darroll Powe.
6:18 of 3rd period - Stopped by Jeff Deslauriers with a rebound.
6:39 of 3rd period - Mike Angelidis is hit by Gabriel Beaupre and loses puck.
7:09 of 3rd period - Off-side.
7:10 of 3rd period - Mitchell Heard wins face-off versus Darroll Powe in neutral zone.
7:19 of 3rd period - Slapshot by Darroll Powe.
7:19 of 3rd period - Stopped by Jeff Deslauriers with a rebound.
7:24 of 3rd period - Mitchell Heard beats up Braden Lamb.
7:24 of 3rd period - Penalty to Braden Lamb for Fighting.
7:24 of 3rd period - Penalty to Mitchell Heard for Fighting.
7:25 of 3rd period - Matt Marquardt wins face-off versus Brendan Shinnimin in Griffins zone.
7:38 of 3rd period - Wrist shot by Kellan Lain.
7:38 of 3rd period - Shot Blocked by Brendan Shinnimin.
7:42 of 3rd period - Wrist shot by Matt Marquardt.
7:42 of 3rd period - Stopped by Robert Mayer with a rebound.
7:44 of 3rd period - Wrist shot by Matt Marquardt.
7:44 of 3rd period - Shot Blocked by Colin Miller.
7:46 of 3rd period - Snap shot by Mike Keenan.
7:46 of 3rd period - Shot Blocked by Colin Miller.
7:48 of 3rd period - Slapshot by Mike Keenan.
7:48 of 3rd period - Stopped by Robert Mayer with a rebound.
7:50 of 3rd period - Slapshot by Tyler Eckford.
7:50 of 3rd period - Stopped by Robert Mayer without a rebound.
7:51 of 3rd period - Rod Pelley wins face-off versus Mike Angelidis in Devils zone.
8:02 of 3rd period - Wrist shot by Mike Angelidis.
8:02 of 3rd period - Shot Blocked by Scooter Vaughan.
9:07 of 3rd period - Darroll Powe and Kellan Lain fight to a draw.
9:07 of 3rd period - Penalty to Darroll Powe for Fighting.
9:07 of 3rd period - Darroll Powe is ejected from game.
9:07 of 3rd period - Penalty to Kellan Lain for Fighting.
9:08 of 3rd period - John Albert wins face-off versus Zach Budish in neutral zone.
9:23 of 3rd period - Slapshot by Ben Eager.
9:23 of 3rd period - Shot Misses the Net.
9:25 of 3rd period - Wrist shot by Mark Mancari.
9:25 of 3rd period - Stopped by Robert Mayer with a rebound.
9:27 of 3rd period - Backhand shot by Mark Mancari.
9:27 of 3rd period - Stopped by Robert Mayer with a rebound.
9:29 of 3rd period - Wrist shot by John Albert.
9:29 of 3rd period - Shot Misses the Net.
9:31 of 3rd period - Snap shot by Mark Mancari.
9:31 of 3rd period - Goal by Mark Mancari - Griffins : 1 - Devils : 1.
9:32 of 3rd period - Jordan Martinook wins face-off versus John Albert in neutral zone.
10:26 of 3rd period - Pascal Pelletier is hit by Adam Clendening.
10:30 of 3rd period - Adam Clendening is hit by Pascal Pelletier and loses puck.
10:54 of 3rd period - Mike Angelidis is hit by Zach Budish and loses puck.
11:05 of 3rd period - Tyler Pitlick is hit by Gabriel Beaupre and loses puck.
11:38 of 3rd period - Slapshot by Rod Pelley.
11:38 of 3rd period - Shot Misses the Net.
11:40 of 3rd period - Snap shot by Rod Pelley.
11:40 of 3rd period - Shot Misses the Net.
11:42 of 3rd period - Snap shot by Darren Archibald.
11:42 of 3rd period - Stopped by Jeff Deslauriers with a rebound.
11:44 of 3rd period - Snap shot by Rod Pelley.
11:44 of 3rd period - Shot Blocked by Paul Thompson.
11:46 of 3rd period - Wrist shot by Zach O'Brien.
11:46 of 3rd period - Shot Misses the Net.
13:36 of 3rd period - Paul Thompson is hit by Zach O'Brien and loses puck.
14:07 of 3rd period - Wrist shot by John Albert.
14:07 of 3rd period - Shot Misses the Net.
14:09 of 3rd period - Wrist shot by Adam Clendening.
14:09 of 3rd period - Stopped by Robert Mayer with a rebound.
14:45 of 3rd period - Wrist shot by Jordan Martinook.
14:45 of 3rd period - Shot Misses the Net.
15:03 of 3rd period - Snap shot by Kellan Lain.
15:03 of 3rd period - Deflect By Paul Thompson.
15:03 of 3rd period - Stopped by Robert Mayer without a rebound.
15:04 of 3rd period - Matt Marquardt wins face-off versus Brendan Shinnimin in Devils zone.
16:11 of 3rd period - Gabriel Beaupre is hit by Jordan Owens.
16:36 of 3rd period - Curtis Hamilton is hit by Mike Keenan and loses puck.
16:47 of 3rd period - Snap shot by John McFarland.
16:47 of 3rd period - Stopped by Robert Mayer with a rebound.
17:12 of 3rd period - Snap shot by Tom Kuhnhackl.
17:12 of 3rd period - Stopped by Jeff Deslauriers with a rebound.
17:14 of 3rd period - Slapshot by Braden Lamb.
17:14 of 3rd period - Deflect By Ben Eager.
17:14 of 3rd period - Stopped by Jeff Deslauriers with a rebound.
17:16 of 3rd period - Snap shot by Darren Archibald.
17:16 of 3rd period - Shot Misses the Net.
17:18 of 3rd period - Snap shot by Darren Archibald.
17:18 of 3rd period - Stopped by Jeff Deslauriers with a rebound.
17:40 of 3rd period - Wrist shot by Yanni Gourde.
17:40 of 3rd period - Stopped by Jeff Deslauriers with a rebound.
17:47 of 3rd period - Icing by Mike Angelidis.
17:48 of 3rd period - Corey Trivino wins face-off versus Pascal Pelletier in Griffins zone.
17:53 of 3rd period - Pascal Pelletier is hit by Adam Clendening.
18:19 of 3rd period - John Albert is hit by Brendan Shinnimin and loses puck.
18:44 of 3rd period - Snap shot by Ben Eager.
18:44 of 3rd period - Shot Misses the Net.
18:46 of 3rd period - Slapshot by Mark Mancari.
18:46 of 3rd period - Stopped by Robert Mayer with a rebound.
18:48 of 3rd period - Slapshot by Mike Keenan.
18:48 of 3rd period - Deflect By Darren Archibald.
18:48 of 3rd period - Stopped by Robert Mayer with a rebound.
18:50 of 3rd period - Wrist shot by Mark Mancari.
18:50 of 3rd period - Shot Blocked by Darren Archibald.
18:52 of 3rd period - Snap shot by Ben Eager.
18:52 of 3rd period - Deflect By Mark Mancari.
18:52 of 3rd period - Stopped by Robert Mayer without a rebound.
18:53 of 3rd period - Pascal Pelletier wins face-off versus Matt Marquardt in Devils zone.
19:08 of 3rd period - Off-side.
19:09 of 3rd period - Tyler Pitlick wins face-off versus Pascal Pelletier in neutral zone.
19:12 of 3rd period - Slapshot by Adam Clendening.
19:12 of 3rd period - Stopped by Robert Mayer without a rebound.
19:13 of 3rd period - Tyler Pitlick wins face-off versus Pascal Pelletier in Devils zone.
19:28 of 3rd period - Slapshot by Mike Angelidis.
19:28 of 3rd period - Deflect By Tyler Pitlick.
19:28 of 3rd period - Shot Blocked by Drew MacKenzie.
19:28 of 3rd period - Puck is out of play.
19:29 of 3rd period - Pascal Pelletier wins face-off versus Matt Marquardt in Devils zone.
19:57 of 3rd period - Wrist shot by Paul Thompson.
19:57 of 3rd period - Stopped by Robert Mayer with a rebound.
19:59 of 3rd period - Slapshot by Kellan Lain.
19:59 of 3rd period - Shot Misses the Net.
Goals for this period are 1 for Griffins vs 0 for Devils.
Shots for this period are 14 for Griffins vs 12 for Devils.

Overtime #1


0:01 of 1st overtime period - Jordan Martinook wins face-off versus John Albert in neutral zone.
0:04 of 1st overtime period - Backhand shot by Jordan Martinook.
0:04 of 1st overtime period - Shot Misses the Net.
0:14 of 1st overtime period - Wrist shot by John Albert.
0:14 of 1st overtime period - Stopped by Robert Mayer with a rebound.
0:16 of 1st overtime period - Snap shot by Adam Clendening.
0:16 of 1st overtime period - Shot Blocked by Colin Miller.
0:18 of 1st overtime period - Wrist shot by Ben Eager.
0:18 of 1st overtime period - Stopped by Robert Mayer with a rebound.
0:20 of 1st overtime period - Backhand shot by Ben Eager.
0:20 of 1st overtime period - Shot Blocked by Chris Wideman.
0:22 of 1st overtime period - Snap shot by Ben Eager.
0:22 of 1st overtime period - Shot Misses the Net.
0:24 of 1st overtime period - Snap shot by Ben Eager.
0:24 of 1st overtime period - Shot Misses the Net.
0:26 of 1st overtime period - Slapshot by Adam Clendening.
0:26 of 1st overtime period - Stopped by Robert Mayer without a rebound.
0:27 of 1st overtime period - John Albert wins face-off versus Jordan Martinook in Devils zone.
0:42 of 1st overtime period - Snap shot by John Albert.
0:42 of 1st overtime period - Stopped by Robert Mayer with a rebound.
0:44 of 1st overtime period - Slapshot by John Albert.
0:44 of 1st overtime period - Deflect By Ben Eager.
0:44 of 1st overtime period - Goal by Ben Eager - Griffins : 2 - Devils : 1.
Goals for this period are 1 for Griffins vs 0 for Devils.
Shots for this period are 5 for Griffins vs 0 for Devils.


Output by the SimonT Hockey Simulator (STHS) for Eric Dolegowski -- Original Page W3C XHTML 1.0 Valid
Hockey Simulator - Hockey Simulation - Hockey Manager